 Dungeon Sprint DCSS version 0.29.1-4-g47bece8355 (webtiles) character file.

Game seed: 6765036154407672729

11351 sanboga the Acrobat (level 11, -26/66 HPs)
             Began as a Felid Berserker on Dec 11, 2022.
             Was the Champion of Trog.
             Killed from afar by a frost giant (36 damage)
             ... with a bolt of cold
             ... in the Dungeon (Sprint IX: "|||||||||||||||||||||||||||||").
             The game lasted 00:04:57 (2648 turns).

sanboga the Acrobat (Felid Berserker)               Turns: 2648, Time: 00:04:58

Health: -26/66     AC:  4    Str: 15    XL:     11   Next: 48%
Magic:  12/12      EV: 40    Int:  8    God:    Trog [******]
Gold:   1778       SH:  0    Dex: 19    Spells: 10/10 levels left
                                        Lives:  0   Deaths: 3

rFire   . . .      SeeInvis +     - Unarmed
rCold   . . .      Faith    .   (shield unavailable)
rNeg    . . .      Spirit   .   (body armour unavailable)
rPois   .          Reflect  .   (helmet unavailable)
rElec   .          Harm     .   (cloak unavailable)
rCorr   .          Rampage  .   (gloves unavailable)
Will    +....      NoTele   +   (boots unavailable)
Stlth   ++........              (no amulet)
HPRegen 0.21/turn               j - +2 ring of protection
MPRegen 0.13/turn               i - +2 ring of evasion

@: on berserk cooldown, slowed, slow
A: very small, claws 1, fangs 3, see invisible, speed 1, shaggy fur 2, stealthy
paws, no weapons or thrown items, no armour, multi-lived
a: Renounce Religion, Berserk, Trog's Hand, Brothers in Arms


You were in the Dungeon.
You worshipped Trog.
Trog was exalted by your worship.
You visited 1 branch You collected 1946 gold pieces.
You spent 168 gold pieces at shops.

Inventory:

Jewellery
 i - a +2 ring of evasion (right paw)
 j - a +2 ring of protection (left paw)
 m - a ring of fire
 n - a ring of protection from fire
 o - a ring of ice
 p - a ring of protection from fire
Wands
 h - a wand of iceblast (6)
Scrolls
 f - 5 scrolls of blinking
 k - a scroll of fear
Potions
 a - 6 potions of curing
 b - 14 potions of heal wounds
 c - 2 potions of haste
 d - 4 potions of magic
 e - 2 potions of berserk rage
 g - a potion of invisibility
 l - a potion of resistance
 s - a potion of degeneration


   Skills:
 + Level 19.1 Fighting
 + Level 24.1 Dodging
 + Level 19.1 Unarmed Combat


You had 10 spell levels left.
You didn't know any spells.
Your spell library was empty.

Dungeon Overview and Level Annotations

Branches:
Dungeon (1/1)

Altars:
Cheibriados
Dithmenos
Elyvilon
Fedhas
Gozag
Hepliaklqana
Kikubaaqudgha
Makhleb
Nemelex Xobeh
Okawaru
Qazlal
Ru
Sif Muna
Trog
Uskayaw
Vehumet
Wu Jian
Xom
Yredelemnul
Zin
The Shining One
Jiyva
Lugonu

Shops:
D [!*!


Innate Abilities, Weirdness & Mutations

You have sharp claws.
You have razor-sharp teeth.
You have supernaturally acute eyesight. (SInv)
You cover ground quickly. (Speed+)
You are covered in thick fur. (AC +2)
Your paws help you pounce on unaware monsters.
You are incapable of wielding weapons or throwing items.
You cannot wear armour.
You gain extra lives every three experience levels.


Message History

You kill the green very ugly thing!
Trog accepts your kill.
Your Fighting skill increases to level 19!
Your Unarmed Combat skill increases to level 19!
You eviscerate the white very ugly thing!!!
Your bite misses the white very ugly thing.
The white very ugly thing is moderately wounded.
The white very ugly thing misses you.
You mangle the white very ugly thing!!
The white very ugly thing is severely wounded.
You eviscerate the white very ugly thing!!!
You kill the white very ugly thing!
Trog accepts your kill.
Your Dodging skill increases to level 24!
You feel a strong urge to attack something.
No target in view!
No target in view!
You feel your anger nearly subside.
You are no longer berserk.
You are exhausted.
You feel yourself slow down.
The frost giant shouts!
You see here 2 scrolls of enchant weapon.
The frost giant casts a spell at you. The bolt of cold hits you!!
You mangle the frost giant!! You bite the frost giant.
The frost giant is moderately wounded.
The frost giant completely misses you.
You mangle the frost giant!!
You bite the frost giant, but do no damage.
The frost giant is heavily wounded.
The frost giant hits you with a +1 battleaxe of freezing!!
* * * LOW HITPOINT WARNING * * *
The frost giant freezes you.
* * * LOW HITPOINT WARNING * * *
You mangle the frost giant!! You bite the frost giant.
The frost giant is severely wounded.
The frost giant casts a spell at you. The bolt of cold hits you!!!
Ouch! That really hurt!
You die...

........'.........'........[.(.'.
▓▓▓▓▓▓▓▓▓▓▓▓▓▓▓▓▓▓▓▓▓▓▓▓▓▓▓▓▓▓▓▓▓
.)......)........................
▓▓▓▓▓▓▓▓▓▓▓▓▓▓▓▓▓▓▓▓▓▓▓▓▓▓▓▓▓▓▓▓▓
....))))))..)....)).)))∩.∩.∩.∩)..
▓▓▓▓▓▓▓▓▓▓▓▓▓▓▓▓▓▓▓▓▓▓▓▓▓▓▓▓▓▓▓▓▓
.....)...........................
▓▓▓▓▓▓▓▓▓▓▓▓▓▓▓▓▓▓▓▓▓▓▓▓▓▓▓▓▓▓▓▓▓
.[[[[[[[[......?@C)'))..uuGi.DYC
▓▓▓▓▓▓▓▓▓▓▓▓▓▓▓▓▓▓▓▓▓▓▓▓▓▓▓▓▓▓▓▓


You could see a frost giant.

Vanquished Creatures
  2 very ugly things (D)
  A fire dragon (D)
  A boulder beetle (D)
  2 hydras (D)
  Erica (D)
  A spriggan berserker (D)
  Sonja (D)
  2 lindwurms (D)
  2 orc knights (D)
  3 deep elf pyromancers (D)
  A manticore (D)
  A cyclops (D)
  8 orc sorcerers (D)
  3 black mambas (D)
  An elephant (D)
  A yaktaur (D)
  A kobold demonologist (D)
  4 cane toads (D)
  3 komodo dragons (D)
  A tengu conjurer (D)
  A polar bear (D)
  3 tyrant leeches (D)
  3 trolls (D)
  2 slime creatures (D)
  2 yaks (D)
  A wraith (D)
  A shadow (D)
  Eustachio (D)
  A wyvern (D)
  A basilisk (D)
  A floating eye (D)
  3 water moccasins (D)
  9 orc warriors (D)
  2 bullfrogs (D)
  2 hounds (D)
  2 orc priests (D)
  10 orc wizards (D)
  3 worms (D)
  9 orcs (D)
  A bat (D)
  A giant cockroach (D)
  A hobgoblin (D)
  2 quokkas (D)
  A ball python (D)
103 creatures vanquished.

Notes
Turn   | Place    | Note
-------+----------+-------------------------------------------
     0 | D        | sanboga the Felid Berserker began the quest for the Orb.
     0 | D        | Reached XP level 1. HP: 10/10 MP: 2/2
     9 | D        | Reached ** piety under Trog
   315 | D        | Noticed a water moccasin
   315 | D        | Noticed a hound
   315 | D        | Noticed a hound
   327 | D        | Killed a water moccasin
   328 | D        | Reached skill level 7 in Dodging
   328 | D        | Reached XP level 2. HP: 10/16 MP: 3/3
   328 | D        | Reached XP level 3. HP: 13/20 MP: 4/4
   328 | D        | Reached XP level 4. HP: 15/24 MP: 5/5
   332 | D        | Reached skill level 8 in Dodging
   332 | D        | Reached XP level 5. HP: 18/28 MP: 6/6
   333 | D        | Reached *** piety under Trog
   334 | D        | Reached skill level 9 in Dodging
   462 | D        | Found a snail-covered altar of Cheibriados.
   462 | D        | Found a shadowy altar of Dithmenos.
   462 | D        | Found a white marble altar of Elyvilon.
   462 | D        | Found a blossoming altar of Fedhas.
   462 | D        | Found an opulent altar of Gozag.
   463 | D        | Found a hazy altar of Hepliaklqana.
   464 | D        | Found a viscous altar of Jiyva.
   465 | D        | Found an ancient bone altar of Kikubaaqudgha.
   466 | D        | Found a corrupted altar of Lugonu.
   467 | D        | Found a burning altar of Makhleb.
   468 | D        | Found a sparkling altar of Nemelex Xobeh.
   469 | D        | Found an iron altar of Okawaru.
   470 | D        | Found a stormy altar of Qazlal.
   471 | D        | Found a sacrificial altar of Ru.
   472 | D        | Found a shimmering blue altar of Sif Muna.
   473 | D        | Found a bloodstained altar of Trog.
   474 | D        | Found a hide-covered altar of Uskayaw.
   475 | D        | Found a radiant altar of Vehumet.
   476 | D        | Found an ornate altar of the Wu Jian Council.
   477 | D        | Found a shimmering altar of Xom.
   478 | D        | Found a basalt altar of Yredelemnul.
   479 | D        | Found a glowing silver altar of Zin.
   480 | D        | Found a glowing golden altar of the Shining One.
   506 | D        | Noticed a shadow
   506 | D        | Noticed a wraith
   506 | D        | Noticed a troll
   506 | D        | Noticed a yak
   506 | D        | Noticed a wyvern
   509 | D        | Reached **** piety under Trog
   513 | D        | Killed a shadow
   514 | D        | Reached skill level 10 in Dodging
   514 | D        | Gained mutation: You are covered in thick fur. (AC +2)
                  | [Felid growth]
   514 | D        | Reached XP level 6. HP: 34/34 MP: 7/7
   518 | D        | Killed a wraith
   519 | D        | Reached skill level 11 in Dodging
   523 | D        | Killed a troll
   524 | D        | Reached skill level 12 in Dodging
   524 | D        | Reached XP level 7. HP: 31/39 MP: 8/8
   529 | D        | Killed a yak
   529 | D        | Reached ***** piety under Trog
   530 | D        | Reached skill level 10 in Fighting
   530 | D        | Reached skill level 13 in Dodging
   530 | D        | Reached skill level 10 in Unarmed Combat
   534 | D        | Killed a wyvern
   572 | D        | Noticed a slime creature
   572 | D        | Noticed a boulder beetle
   572 | D        | Noticed a kobold demonologist
   572 | D        | Noticed a deep elf pyromancer
   572 | D        | Noticed a troll
   572 | D        | Noticed a troll
   576 | D        | Noticed a neqoxec
   577 | D        | Killed a slime creature
   578 | D        | Reached skill level 14 in Dodging
   578 | D        | Reached XP level 8. HP: 44/44 MP: 9/9
   652 | D        | Killed a kobold demonologist
   659 | D        | Slain by a boulder beetle
   660 | D        | Reached XP level 7. HP: 0/60 MP: 8/8
   677 | D        | Noticed a lindwurm
   677 | D        | Noticed a lindwurm
   685 | D        | Noticed a tyrant leech
   690 | D        | Killed a lindwurm
   691 | D        | Reached skill level 15 in Dodging
   691 | D        | Reached XP level 8. HP: 45/45 MP: 9/9
   694 | D        | Killed a lindwurm
   695 | D        | Reached skill level 16 in Dodging
   700 | D        | Killed a tyrant leech
   705 | D        | Noticed a tyrant leech
   706 | D        | Noticed a tyrant leech
   756 | D        | Killed a tyrant leech
   757 | D        | Reached XP level 9. HP: 51/51 MP: 10/10
   759 | D        | Killed a tyrant leech
   759 | D        | Reached ****** piety under Trog
   822 | D        | Noticed a black mamba
   822 | D        | Noticed an elephant
   822 | D        | Noticed a cane toad
   822 | D        | Noticed a black mamba
   822 | D        | Noticed a polar bear
   826 | D        | Killed a polar bear
   827 | D        | Reached skill level 17 in Dodging
   830 | D        | Noticed a cane toad
   831 | D        | Killed a black mamba
   833 | D        | Killed a cane toad
   841 | D        | Killed an elephant
   846 | D        | Killed a black mamba
   847 | D        | Reached skill level 18 in Dodging
   849 | D        | Noticed a komodo dragon
   851 | D        | Killed a cane toad
   852 | D        | Reached XP level 10. HP: 57/57 MP: 11/11
   960 | D        | Noticed a cane toad
   960 | D        | Noticed a black mamba
   963 | D        | Noticed a cane toad
   964 | D        | Killed a black mamba
   972 | D        | Reached skill level 15 in Fighting
   972 | D        | Reached skill level 19 in Dodging
   975 | D        | Reached skill level 15 in Unarmed Combat
   982 | D        | Killed a cane toad
   986 | D        | Killed a cane toad
  1156 | D        | Killed a deep elf pyromancer
  1228 | D        | Reached skill level 20 in Dodging
  1252 | D        | Killed a boulder beetle
  1253 | D        | Reached XP level 11. HP: 62/62 MP: 12/12
  1520 | D        | Noticed Eustachio
  1536 | D        | Killed Eustachio
  1539 | D        | Noticed Erica
  1546 | D        | Killed Erica
  1727 | D        | Noticed an orc knight
  1742 | D        | Noticed an orc knight
  1749 | D        | Killed an orc knight
  1750 | D        | Reached skill level 21 in Dodging
  1760 | D        | Annihilated by an orc knight
  1761 | D        | Reached XP level 10. HP: -29/59 MP: 11/11
  1817 | D        | Noticed a four-headed hydra
  1817 | D        | Noticed a cyclops
  1817 | D        | Noticed a deep elf pyromancer
  1817 | D        | Noticed an eight-headed hydra
  1817 | D        | Noticed a manticore
  1823 | D        | Killed a four-headed hydra
  1825 | D        | Noticed a deep elf pyromancer
  1826 | D        | Killed a cyclops
  1829 | D        | Killed an eight-headed hydra
  1832 | D        | Killed a manticore
  1837 | D        | Killed a deep elf pyromancer
  1839 | D        | Killed a deep elf pyromancer
  1840 | D        | Reached skill level 22 in Dodging
  1840 | D        | Reached XP level 11. HP: 59/64 MP: 12/12
  1851 | D        | Noticed a red very ugly thing
  1852 | D        | Noticed a white very ugly thing
  1853 | D        | Noticed a spriggan berserker
  1853 | D        | Paralysed by a floating eye for 2 turns
  1855 | D        | Noticed a fire dragon
  1857 | D        | Noticed a frost giant
  1857 | D        | Paralysed by a floating eye for 3 turns
  1858 | D        | Noticed a death yak
  1863 | D        | Paralysed by a floating eye for 2 turns
  1864 | D        | HP: 3/64 [red very ugly thing (13)]
  1866 | D        | Demolished by a red very ugly thing
  1867 | D        | Reached XP level 10. HP: -14/61 MP: 11/11
  1971 | D        | Killed an orc knight
  2161 | D        | Found Sang's Antique Armour Emporium.
  2161 | D        | Noticed an orc sorcerer
  2161 | D        | Noticed an orc sorcerer
  2161 | D        | Noticed an orc sorcerer
  2161 | D        | Noticed an orc sorcerer
  2161 | D        | Noticed an orc sorcerer
  2166 | D        | Killed an orc sorcerer
  2170 | D        | Killed an orc sorcerer
  2173 | D        | Killed an orc sorcerer
  2174 | D        | Found Vefaad Atho's Distillery.
  2180 | D        | Noticed an orc sorcerer
  2181 | D        | Killed an orc sorcerer
  2182 | D        | Found Hargheoqepn's Assorted Antiques.
  2184 | D        | Killed an orc sorcerer
  2185 | D        | Reached skill level 23 in Dodging
  2187 | D        | Found Umneam's Distillery.
  2191 | D        | Killed an orc sorcerer
  2200 | D        | Noticed an orc sorcerer
  2203 | D        | Noticed an orc sorcerer
  2208 | D        | Killed an orc sorcerer
  2214 | D        | Killed an orc sorcerer
  2215 | D        | Reached XP level 11. HP: 47/66 MP: 12/12
  2226 | D        | Bought a scroll labelled EBOCVO JILAM for 18 gold pieces
  2226 | D        | Bought a scroll labelled XUADO WOETAIN for 18 gold pieces
  2228 | D        | Bought a potion of heal wounds for 60 gold pieces
  2228 | D        | Bought a potion of heal wounds for 60 gold pieces
  2228 | D        | Bought a potion of degeneration for 12 gold pieces
  2395 | D        | Noticed Sonja
  2400 | D        | Killed Sonja
  2447 | D        | Killed a spriggan berserker
  2462 | D        | Killed a fire dragon
  2634 | D        | Killed a green very ugly thing
  2638 | D        | Killed a white very ugly thing
  2639 | D        | Reached skill level 24 in Dodging
  2648 | D        | Killed from afar by a frost giant

Illustrated notes

Levels and vault maps discovered:
D:        linesprint [early_d, line_temple, items_1, d_10, items_2, lair_1,
          lair_end, items_3, orc_1, orc_end, items_4, d_15, swamp_1, shoals_1,
          snake_1, spider_1, d_20, vaults_1, items_5, swamp_end, shoals_end,
          snake_end, spider_end, vaults_end, d_27, items_6, zot_1, zot_end,
          crypt_end, forest_end, elf_end, slime_end, tomb_end, abyss_end,
          pan_hell_end]

Skill      XL: |  1  2  3  4  5  6  7  8  9 10 11 |
---------------+----------------------------------+-----
Fighting       | 6 8 9 12 13 14 18 19 | 19.1
Dodging        | 7 8 10 12 15 16 18 23 24 | 24.1
Unarmed Combat | 6 8 9 12 13 14 18 19 | 19.1

Action                   |  1- 3 |  4- 6 |  7- 9 | 10-12 || total
-------------------------+-------+-------+-------+-------++-------
Melee: Unarmed           |    23 |    24 |    75 |   255 ||   377
       Bite              |     2 |     4 |     6 |    35 ||    47
       Punch             |       |       |    10 |    31 ||    41
Invok: Berserk           |     2 |     1 |     5 |     8 ||    16
Evoke: Wand              |       |       |       |     4 ||     4
  Use: Potion            |       |       |     1 |     1 ||     2
       Scroll            |       |       |       |     2 ||     2
Armor: Skin              |     1 |     2 |     3 |     5 ||    11
Dodge: Dodged            |    16 |    18 |    53 |   176 ||   263
